 Dungeon Crawl Stone Soup version 0.24-a0-459-g225fefd530 (webtiles) character file.

Game seed: 7406439858263949078

32 Iscandelvey the Vexing (level 3, 12/26 HPs)
             Began as a Demonspawn Arcane Marksman on June 28, 2019.
             Quit the game on level 2 of the Dungeon.
             The game lasted 00:01:08 (656 turns).

Iscandelvey the Vexing (Demonspawn Arcane Marksman)  Turns: 656, Time: 00:01:09

Health: 12/26      AC:  2    Str: 10    XL:     3   Next: 8%
Magic:  4/4        EV: 13    Int: 15    God:
Gold:   40         SH:  0    Dex: 15    Spells: 3/4 levels left

rFire    . . .     SeeInvis .   a - +0 hunting sling
rCold    . . .     Gourm    .   (no shield)
rNeg     . . .     Faith    .   e - +0 robe
rPois    .         Spirit   .   (no helmet)
rElec    .         Reflect  .   (no cloak)
rCorr    .         Harm     .   (no gloves)
MR       .....                  (no boots)
Stlth    ++........             (no amulet)
HPRegen  0.08/turn              (no ring)
MPRegen  0.09/turn              (no ring)

@: no status effects
A: thin skeletal structure 1, rot immunity
a: no special abilities


You were on level 2 of the Dungeon.
You were not hungry.

You visited 1 branch of the dungeon, and saw 2 of its levels.

You collected 40 gold pieces.

Inventory:

Hand Weapons
 a - a +0 hunting sling (weapon)
Missiles
 c - 6 stones
 d - a sling bullet (quivered)
Armour
 e - a +0 robe (worn)
Scrolls
 b - a scroll of fog {unknown}
 h - a scroll of blinking {unknown}
 k - 2 scrolls of remove curse {unknown}
 l - a scroll of magic mapping {unknown}
 m - a scroll of identify {unknown}
Potions
 g - a potion of haste {unknown}
 i - a potion of brilliance {unknown}
 j - 2 potions of cancellation {unknown}
Comestibles
 f - 7 rations


   Skills:
 + Level 1.1 Fighting
 + Level 2.5 Slings
 + Level 2.2 Dodging
 + Level 1.0 Spellcasting
 + Level 3.3 Hexes


You had 3 spell levels left.
You knew the following spells:

 Your Spells              Type           Power        Failure   Level  Hunger
a - Corona                Hex            ##.....      6%          1    ##.....

Your spell library contained the following spells:

 Spells                   Type           Power        Failure   Level  Hunger
 Slow                     Hex            ##......     10%         2    ###....
 Inner Flame              Hex/Fire       #.......     36%         3    ####...
 Portal Projectile        Hex/Tloc       #.....       36%         3    ####...
 Cause Fear               Hex            ##........   52%         4    #####..
 Leda's Liquefaction      Hex/Erth       #.........   77%         4    #####..


Dungeon Overview and Level Annotations

Branches:
Dungeon (2/15)

Altars:


Innate Abilities, Weirdness & Mutations

You have a somewhat thin skeletal structure. (Dex +2, Stealth)
You are immune to rotting.


Message History

The sling bullet hits the adder but does no damage.
The adder is severely wounded.
The adder bites you.
Firing (i - inventory. (/) - cycle)
d - 3 sling bullets (quivered)
Press: ? - help, Shift-Dir - straight line, f/p - adder
Aim: an adder (severely wounded)
You shoot a sling bullet. The sling bullet hits the adder.
The adder is almost dead.
The adder closely misses you. The adder bites you.
Firing (i - inventory. (/) - cycle)
d - 2 sling bullets (quivered)
Press: ? - help, Shift-Dir - straight line, f/p - adder
Aim: an adder (almost dead)
You shoot a sling bullet. The sling bullet hits the adder.
You kill the adder!
You have reached level 3!
Your experience leads to an increase in your attributes!
Increase (S)trength, (I)ntelligence, or (D)exterity?
You feel clever.
Your demonic ancestry asserts itself...
Your bones become slightly less dense.
Are you sure you want to abandon this character and quit the game? (Confirm with "yes".)

#........(....#
............$..
...............
(...........(..
...........(...
...............
.<.....(.......
#(....(@......#
##...........##
########.####
.# #


There were no monsters in sight!

Vanquished Creatures
  An adder (D:2)
  2 dart slugs (D:1)
  A bat (D:1)
  2 giant cockroaches (D:1)
  2 goblins (D:1)
  5 hobgoblins
  2 kobolds (D:1)
  A frilled lizard (D:1)
16 creatures vanquished.

Notes
Turn   | Place    | Note
-------+----------+-------------------------------------------
     0 | D:1      | Iscandelvey the Demonspawn Arcane Marksman began the quest
                  | for the Orb.
     0 | D:1      | Reached XP level 1. HP: 15/15 MP: 2/2
   405 | D:1      | Gained mutation: You are immune to rotting. [demonic
                  | ancestry]
   405 | D:1      | Reached XP level 2. HP: 21/21 MP: 3/3
   655 | D:2      | Gained mutation: You have a somewhat thin skeletal
                  | structure. (Dex +2, Stealth) [demonic ancestry]
   655 | D:2      | Reached XP level 3. HP: 12/26 MP: 4/4
   656 | D:2      | Quit the game

Levels and vault maps discovered:
D:1:      matt_arrival_grand_opening, layout_basic, st_stairs_9
D:2:      layout_rooms, lemuel_blue_sif_altar, kennysheep_slug_shrine

Skill      XL: |  1  2 |
---------------+-------+-----
Dodging        | 2 |  2.2
Slings         | 2 |  2.5
Fighting       | |  1.1
Spellcasting   | |  1.0
Hexes          | |  3.3

Action                   || total
-------------------------++-------
 Fire: Hunting sling     ||    62
Armor: Robe              ||     4
Dodge: Dodged            ||    22

Table legend:
 A = Non-vault XP
 B = Vault XP
 C = Vault XP percentage of total XP
 D = Non-vault monster count
 E = Vault monster count
 F = Vault count percentage of total count
                 A         B        C        D         E       F
            +---------+---------+-------+---------+---------+-------
      Total |      42 |       4 |   8.7 |      14 |       2 |  12.5
            +---------+---------+-------+---------+---------+-------
        D:1 |      27 |       4 |  12.9 |      12 |       2 |  14.3
        D:2 |      15 |       0 |   0.0 |       2 |       0 |   0.0
            +---------+---------+-------+---------+---------+-------
